 Dungeon Crawl Stone Soup version 0.30-a0-830-gfe289a77b0 (webtiles) character file.

Game seed: 12167751619968846928

51 Nacht the Digger (level 3, -3/24 HPs)
             Began as a Demonspawn Earth Elementalist on Feb 28, 2023.
             Slain by a kobold
             ... wielding a +0 hand axe
              (9 damage)
             ... on level 2 of the Dungeon.
             The game lasted 00:01:52 (1303 turns).

Nacht the Digger (Demonspawn Earth Elementalist)    Turns: 1303, Time: 00:01:53

Health: -3/24      AC:  3    Str:  8    XL:     3   Next: 57%
Magic:  1/6        EV: 12    Int: 18    God:
Gold:   92         SH:  0    Dex: 11    Spells: 3/6 levels left

rFire   . . .      SeeInvis .    (no weapon)
rCold   + . .      Faith    .    (no shield)
rNeg    . . .      Spirit   .    a - +0 robe
rPois   .          Reflect  .    (helmet restricted)
rElec   .          Harm     .    (no cloak)
rCorr   .          Rampage  .    k - +0 pair of gloves
Will    .....                    (no boots)
Stlth   ++                       (no amulet)
HPRegen 0.24/turn                (no ring)
MPRegen 0.10/turn                (no ring)

@: brilliant
A: weakness stinger 2, horns 1, clumsy 1, cold resistance 1
a: no special abilities


You were on level 2 of the Dungeon.
You visited 1 branch of the dungeon, and saw 2 of its levels.

You collected 92 gold pieces.

Inventory:

Armour
 a - a +0 robe (worn)
 k - a +0 pair of gloves (worn)
Jewellery
 g - a ring of willpower
Scrolls
 b - 2 scrolls of poison {unknown}
 c - 2 scrolls of enchant armour {unknown}
 e - a scroll of immolation
 j - a scroll of fog {unknown}
Potions
 h - a potion of brilliance


   Skills:
 - Level 1.7 Dodging
 - Level 1.7 Stealth
 - Level 2.0 Spellcasting
 - Level 0.8 Transmutations
 + Level 4.2 Earth Magic


You had 3 spell levels left.
You knew the following spells:

 Your Spells              Type           Power      Damage    Failure   Level
a - Sandblast             Erth           50%        2d12      3%          1
w - Passwall              Tmut/Erth      13%        N/A       10%         2

Your spell library contained the following spells:

 Spells                   Type           Power      Damage    Failure   Level
 Stone Arrow              Conj/Erth      28%        3d8       22%         3
 Petrify                  Tmut/Erth      16%        N/A       54%         4


Dungeon Overview and Level Annotations

Branches:
Dungeon (2/15)

Altars:


Innate Abilities, Weirdness & Mutations

You have a tail ending in a sharp stinger.
You have a pair of small horns on your head.
You are clumsy. (Dex -2)
Your flesh is cold resistant. (rC+)


Message History

You feel a surge of power!
The blast of sand hits the hobgoblin but does no damage.
The hobgoblin is severely wounded.
The hobgoblin barely misses you. The hobgoblin misses you.
Casting: Sandblast (safe; 3% risk of failure)
Confirm with . or Enter, or press ? or * to list all spells.
You don't have enough magic to cast this spell.
The kobold drinks a potion.
The kobold seems to grow stronger.
The hobgoblin barely misses you.
Casting: Sandblast (safe; 3% risk of failure)
Confirm with . or Enter, or press ? or * to list all spells.
You don't have enough magic to cast this spell.
You barely miss the hobgoblin.
The hobgoblin is severely wounded.
The hobgoblin barely misses you. The kobold closely misses you.
You hit the hobgoblin but do no damage. Your headbutt misses the hobgoblin.
The hobgoblin is severely wounded.
The hobgoblin barely misses you. The kobold hits you with a +0 hand axe.
You barely miss the hobgoblin.
The hobgoblin is severely wounded.
The hobgoblin closely misses you. The kobold barely misses you.
You hit the hobgoblin but do no damage.
The hobgoblin is severely wounded.
The kobold hits you with a +0 hand axe.
The hobgoblin hits you but does no damage.
You hit the hobgoblin but do no damage.
The hobgoblin is severely wounded.
The kobold hits you with a +0 hand axe. The hobgoblin closely misses you.
You hit the hobgoblin but do no damage.
You headbutt the hobgoblin, but do no damage.
The hobgoblin is severely wounded.
The hobgoblin closely misses you. The kobold hits you with a +0 hand axe.
* * * LOW HITPOINT WARNING * * *
You hit the hobgoblin but do no damage.
The hobgoblin is severely wounded.
The hobgoblin barely misses you. The kobold misses you.
You hit the hobgoblin but do no damage.
The hobgoblin is severely wounded.
The kobold hits you with a +0 hand axe!
You die...

... ..## . ..........###
... ... ..#.##.#....#.#. ##
..# ..#................ ..
<.# ......#.#..#....#.#.#
..##.##.................#
........................#
..#.............##..##..#
..#.####..#.#..K##......#
#.#.# #........@g.........
#.#.#####.#.#...##..##..##.
#.#.....................# .
#+#.#######.#...).........
........................###
.......####.....#####..##
.....### ####### ....
.....# .## .....#


You could see a hobgoblin and a kobold (strong).

Vanquished Creatures
  2 adders (D:2)
  2 worms (D:2)
  3 endoplasms
  A goblin (D:1)
  A hobgoblin (D:1)
  5 jackals
  2 ball pythons (D:2)
  5 bats (D:1)
  2 frilled lizards
  4 rats (D:1)
27 creatures vanquished.

Notes
Turn   | Place    | Note
-------+----------+-------------------------------------------
     0 | D:1      | Nacht the Demonspawn Earth Elementalist began the quest for
                  | the Orb.
     0 | D:1      | Reached XP level 1. HP: 13/13 MP: 3/3
    75 | D:1      | Found a faded altar of an unknown god.
    79 | D:1      | Reached skill level 3 in Earth Magic
   168 | D:1      | Gained mutation: You have a small tail. [demonic ancestry]
   168 | D:1      | Reached XP level 2. HP: 10/19 MP: 0/5
   754 | D:1      | Learned a level 2 spell: Passwall
   933 | D:2      | Gained mutation: You have a tail ending in a sharp stinger.
                  | [demonic ancestry]
   933 | D:2      | Reached XP level 3. HP: 16/24 MP: 2/6
  1013 | D:2      | Reached skill level 4 in Earth Magic
  1277 | D:2      | Gained mutation: Your flesh is cold resistant. (rC+)
                  | [potion of mutation]
  1277 | D:2      | Gained mutation: You have a pair of small horns on your
                  | head. [potion of mutation]
  1277 | D:2      | Gained mutation: You are clumsy. (Dex -2) [potion of
                  | mutation]
  1303 | D:2      | Slain by a kobold

Illustrated notes

Levels and vault maps discovered:
D:1:      dpeg_arrival_shelter, layout_loops_ring,
          hellmonk_ecumenical_altar_blasted, minmay_box_of_dots
D:2:      minmay_chambers_of_twos, layout_basic

Skill      XL: |  1  2  3 |
---------------+----------+-----
Earth Magic    | 3 4 |  4.2
Dodging        | |  1.7
Stealth        | |  1.7
Spellcasting   | |  2.0
Transmutations | |  0.8

Action                     || total
---------------------------++-------
  Melee: Unarmed           ||    51
         Tailslap          ||     3
         Headbutt          ||     5
  Throw: Dart              ||     6
   Cast: Sandblast         ||    51
    Use: Potion            ||     5
 Armour: Robe              ||    27
  Dodge: Dodged            ||    76

Table legend: (Time is in decaauts)
 A = Elapsed time spent in this place.
 B = Non-inter-level travel time spent in this place.
 C = Inter-level travel time spent in this place.
 D = Time resting spent in this place.
 E = Time spent auto-exploring this place.
 F = Levels seen in this place.
 G = Mean time per level.
                   A        B        C        D        E       F      G
               +--------+--------+--------+--------+--------+-----+--------+
         Total |   1327 |   1311 |     16 |      0 |   1025 |   2 |  663.5 |
       Dungeon |   1327 |   1311 |     16 |      0 |   1025 |   2 |  663.5 |
               +--------+--------+--------+--------+--------+-----+--------+

Top non-repeatable levels by time:
     D:1: 779 daAuts
     D:2: 548 daAuts
